 Dungeon Crawl Stone Soup version 0.31-a0-4-gefa6de2278 (webtiles) character file.

Game seed: 14913876368556834480

156 MackTheKnife the Magician (level 5, 0/35 HPs)
             Began as a Djinni Air Elementalist on May 3, 2023.
             Slain by Ijyb
             ... wielding a +0 club
              (1 damage)
             ... on level 3 of the Dungeon.
             The game lasted 00:04:49 (2087 turns).

MackTheKnife the Magician (Djinni Air Elementalist) Turns: 2087, Time: 00:04:50

Health: 0/35       AC:  2    Str:  9    XL:     5   Next: 65%
Gold:   122        EV: 13    Int: 18    God:
                   SH:  0    Dex: 18

rFire   + + +        l - +11 quarterstaff "Cohin" {vamp, Fragile rF+ Str+2 Dex+4, staff}
rCold   x . .        (shield currently unavailable)
rNeg    . . .        a - +0 robe
rPois   ∞            (no helmet)
rElec   .            (no cloak)
rCorr   .            (no gloves)
SInv    .            (boots unavailable)
Will    .....        (no amulet)
Stlth   ++           (no ring)
HPRegen 0.25/turn    (no ring)
MPRegen 0.00/turn

%: infuse magic (-1 HP)
@: swift, flying, very slightly contaminated, very quick
A: sickness immunity, fire resistance 2, cold vulnerability 1, float, innate
caster, HP casting, extra vitality 1
a: no special abilities


You were on level 3 of the Dungeon.
You visited 1 branch of the dungeon, and saw 3 of its levels.

You collected 122 gold pieces.


Innate Abilities, Weirdness & Mutations

You are immune to sickness and miasma.
You are immune to poison.
Your flesh is very heat resistant. (rF++)
You are vulnerable to cold. (rC-)
You float through the air rather than walking.
You learn spells naturally, not from books.
Your magical power is your life essence.
You have superior vitality. (+4 MHP)


   Skills:
 - Level 3.1 Dodging
 - Level 2.3 Stealth
 + Level 4.0 Spellcasting


You knew the following spells:

 Your Spells              Type           Power      Damage    Failure   Level
a - Shock                 Conj/Air       72%        1d7       2%          1
b - Static Discharge      Conj/Air       36%        2-4/arc   4%          2
c - Airstrike             Air            9%         2d(2-18)  28%         4
d - Summon Small Mammal   Summ           72%        N/A       2%          1
e - Call Imp              Summ           36%        N/A       4%          2
V - Swiftness             Air            18%        N/A       9%          3
Your spell library was empty.

Inventory:

Hand Weapons
 l - the +11 quarterstaff "Cohin" (weapon) {vamp, Fragile rF+ Str+2 Dex+4, staff}
   (You found it on level 2 of the Dungeon)

   Str:       It affects your strength (+2).
   Dex:       It affects your dexterity (+4).
   rF:        It protects you from fire.
   Fragile:   It will be destroyed if unequipped.
Armour
 a - a +0 robe (worn)
Scrolls
 c - a scroll of fog {unknown}
 d - a scroll of acquirement {unknown}
 e - 2 scrolls of poison {unknown}
 f - 2 scrolls of summoning {unknown}
 h - 5 scrolls of teleportation {unknown}
 i - a scroll of silence {unknown}
 k - 3 scrolls of identify {unknown}
 n - a scroll of brand weapon {unknown}
 p - 2 scrolls of magic mapping {unknown}
 q - a scroll of immolation {unknown}
Potions
 b - 2 potions of resistance {unknown}
 g - a potion of curing {unknown}
 j - 2 potions of might {unknown}
 m - 3 potions of haste {unknown}
 o - a potion of degeneration {unknown}

Dungeon Overview and Level Annotations

Branches:
Dungeon (3/15) Zot: 15910

Altars:

Shops:
D:2 (

Annotations:
D:3 Ijyb

#.# #........# #.#
####.##..#### #.#
######.........# #.#
#......##.##...#### #.#
#......##.##...##..
####.#####..................
#.......##).....##..#.#.##..
#.##.##.##......##..#.#.####
# #.##.#5g@.......(...(#
#.##.#.####.####.#####
#.##.##.#.####.####.# ###
#.......#.##........# #.>
####.##......#.###### #.#
#.##.#.####.# #.#
...#.#....g.# #.#
#.....######## #####.#
#...### #......


You could see Ijyb (ally target) and a friendly cerulean imp (summoned).


Message History

😨 HP[+1] 😨 HP[+1]
There is a stone staircase leading up here.
You fly upwards.
There is a stone staircase leading down here. 😨 HP[+1]
You start resting. 😎 HP[+20]
Your hp is fully restored (35).
You fly downwards.
Level annotation: Ijyb
There is a stone staircase leading up here.
You can't see any susceptible monsters within range! (Use Z to cast anyway.)
e - 2 scrolls labelled DUAGEA CUMP (gained 1) Key pressed, stopping explore.
Key pressed, stopping explore.
k - 3 scrolls labelled BAHIUK RAOXOXI (gained 1) Key pressed, stopping explore.
You see here a +0 sling.
Ijyb shouts!
The zap hits Ijyb. 😕 HP[-1]
You take 1 damage, and now have 34/35 hp.
The zap misses Ijyb. 😕 HP[-1]
You take 1 damage, and now have 33/35 hp.
That beam is likely to hit you.
Continue anyway? [Y]es or [N]o only, please.
That beam is likely to hit you.
Continue anyway? [Y]es or [N]o only, please.
That beam is likely to hit you.
Continue anyway?
Okay, then.
Casting: Shock (safe; 2% risk of failure)
Confirm with . or Enter, or press ? or * to list all spells.
Ijyb is struck by an arc of lightning.
You are struck by an arc of lightning.
The lightning grounds out.
Ijyb zaps a wand.
Your mind is blasted!
* * * LOW HITPOINT WARNING * * *
The now-empty wand crumbles to dust. 😨 HP[-17]
You take 17 damage, and now have 16/35 hp.
MASSIVE DAMAGE!! (PAUSE)
You hit Ijyb.
You feel better. Ijyb hits you with a +0 club.
* * * LOW HITPOINT WARNING * * *
😨 HP[-3]
You take 3 damage, and now have 13/35 hp.
Unknown command.
Casting: Static Discharge (safe; 4% risk of failure)
Confirm with . or Enter, or press ? or * to list all spells.
* * * LOW HITPOINT WARNING * * *
Ijyb hits you but does no damage. 😨 HP[-1]
You take 1 damage, and now have 12/35 hp.
You swap places.
Ijyb hits your rat with a +0 club.
Your rat dies!
Your rat's corpse disappears in a puff of smoke! 😨 HP[+1]
Casting: Summon Small Mammal (safe; 2% risk of failure)
Confirm with . or Enter, or press ? or * to list all spells.
A tiny devil pulls itself out of the air.
* * * LOW HITPOINT WARNING * * *
😨 HP[-2]
You take 2 damage, and now have 11/35 hp.
Ijyb attacks as you move away! Ijyb misses you.
Your cerulean imp barely misses Ijyb.
You see here a +0 sling.
Ijyb attacks as you move away! Ijyb hits you with a +0 club.
* * * LOW HITPOINT WARNING * * *
Your cerulean imp hits Ijyb but does no damage. 😱 HP[-4]
You take 4 damage, and now have 7/35 hp.
Okay, then.
Casting: Call Imp (safe; 4% risk of failure)
Confirm with . or Enter, or press ? or * to list all spells.
Okay, then.
Unknown command.
Casting: Call Imp (safe; 4% risk of failure)
Confirm with . or Enter, or press ? or * to list all spells.
You miscast Swiftness.
You are very lightly contaminated with residual magic.
Nothing appears to happen.
* * * LOW HITPOINT WARNING * * *
Ijyb closely misses you.
Your cerulean imp hits Ijyb with a -3 spear. 😱 HP[-3]
You take 3 damage, and now have 4/35 hp.
Unknown command.
Unknown command.
Unknown command.
Unknown command.
Casting: Swiftness (dangerous; 9% risk of failure)
Confirm with . or Enter, or press ? or * to list all spells.
Okay, then.
Casting: Swiftness (dangerous; 9% risk of failure)
Confirm with . or Enter, or press ? or * to list all spells.
You feel quick.
* * * LOW HITPOINT WARNING * * *
Ijyb hits you with a +0 club.
You die...

Skill      XL: |  1  2  3  4  5 |
---------------+----------------+-----
Stealth        | 2 |  2.3
Dodging        | 3 |  3.1
Spellcasting   | 3 4 |  4.0

Action                     |  1- 3 |  4- 6 || total
---------------------------+-------+-------++-------
  Melee: Spear             |     1 |       ||     1
         Quarterstaff      |       |     7 ||     7
   Cast: Shock             |    68 |    44 ||   112
         Static Discharge  |     2 |     5 ||     7
         Summon Small Mamm |     1 |     1 ||     2
         Call Imp          |       |     3 ||     3
         Swiftness         |       |     1 ||     1
         Airstrike         |       |     1 ||     1
   Stab: Sleeping          |     1 |       ||     1
 Armour: Robe              |     1 |     2 ||     3
  Dodge: Dodged            |     5 |     6 ||    11

Levels and vault maps discovered:
D:1:      heliophobic_arrival_battle_scene, layout_rooms, basic_ecumenical_altar
D:2:      layout_rooms, serial_shops, shop
D:3:      layout_loops_cross, mainiacjoe_overflow_alcove_4, uniq_ijyb

Notes
Turn   | Place    | Note
-------+----------+-------------------------------------------
     0 | D:1      | MackTheKnife the Djinni Air Elementalist began the quest
                  | for the Orb.
     0 | D:1      | MackTheKnife set off with the following spells memorised:
                  | Shock, Static Discharge, Swiftness, Airstrike.
     0 | D:1      | Reached XP level 1. HP: 15/15 MP: 0/0
    79 | D:1      | Reached XP level 2. HP: 17/21 MP: 0/0
   100 | D:1      | Found a faded altar of an unknown god.
   301 | D:1      | Reached skill level 2 in Stealth
   476 | D:1      | Reached XP level 3. HP: 24/25 MP: 0/0
   476 | D:1      | Learned a level 1 spell: Summon Small Mammal
   757 | D:2      | Reached skill level 3 in Dodging
   805 | D:2      | Found Eseoxike's Weapon Shop.
   842 | D:2      | Identified the +11 quarterstaff "Cohin" {vamp, Fragile rF+
                  | Str+2 Dex+4}
   897 | D:2      | Reached XP level 4. HP: 30/31 MP: 0/0
  1101 | D:2      | magus.rc [v1.9.6]
  1244 | D:3      | Reached skill level 3 in Spellcasting
  1295 | D:3      | HP: 6/31 [dart slug/slug dart (2)]
  1501 | D:3      | Reached XP level 5. HP: 17/35 MP: 0/0
  1501 | D:3      | Learned a level 2 spell: Call Imp
  1502 | D:3      | HP: 7/35 [orc wizard/+0 dagger (2)]
  1652 | D:3      | Reached skill level 4 in Spellcasting
  1890 | D:3      | Noticed Ijyb
  2085 | D:3      | HP: 6/35 [Ijyb/+0 club (5)]
  2087 | D:3      | Slain by Ijyb

Vanquished Creatures
  3 orc wizards (D:3)
  2 adders
  3 dart slugs
  3 orcs (D:3)
  10 bats
  4 endoplasms
  A goblin (D:1)
  7 hobgoblins
  2 jackals (D:2)
  3 quokkas
  8 ball pythons
  3 frilled lizards
  2 kobolds
  4 rats
55 creatures vanquished.

Table legend:
 A = Non-vault XP
 B = Vault XP
 C = Vault XP percentage of total XP
 D = Non-vault monster count
 E = Vault monster count
 F = Vault count percentage of total count
                 A         B        C        D         E       F
            +---------+---------+-------+---------+---------+-------
      Total |     224 |       0 |   0.0 |      55 |       0 |   0.0
            +---------+---------+-------+---------+---------+-------
        D:1 |      35 |       0 |   0.0 |      19 |       0 |   0.0
        D:2 |      40 |       0 |   0.0 |      19 |       0 |   0.0
        D:3 |     149 |       0 |   0.0 |      17 |       0 |   0.0
            +---------+---------+-------+---------+---------+-------

Skill      XL: |  1  2  3  4  5 |
---------------+----------------+-----
Stealth        | 2 |  2.3
Dodging        | 3 |  3.1
Spellcasting   | 3 4 |  4.0

Action                     |  1- 3 |  4- 6 || total
---------------------------+-------+-------++-------
  Melee: Spear             |     1 |       ||     1
         Quarterstaff      |       |     7 ||     7
   Cast: Shock             |    68 |    44 ||   112
         Static Discharge  |     2 |     5 ||     7
         Summon Small Mamm |     1 |     1 ||     2
         Call Imp          |       |     3 ||     3
         Swiftness         |       |     1 ||     1
         Airstrike         |       |     1 ||     1
   Stab: Sleeping          |     1 |       ||     1
 Armour: Robe              |     1 |     2 ||     3
  Dodge: Dodged            |     5 |     6 ||    11

Illustrated notes

Table legend:
 A = Kills in this place as a percentage of kills in the entire game.
 B = Kills by you in this place as a percentage of kills by you in the entire game.
 C = Kills by friends in this place as a percentage of kills by friends in the entire game.
 D = Other kills in this place as a percentage of other kills in the entire game.
 E = Experience gained in this place as a percentage of experience gained in the entire game.
 F = Experience gained in this place divided by the number of levels of this place that you have seen.
                   A       B       C       D       E      F
               +-------+-------+-------+-------+-------+----------------------
         Total | 100.0 | 100.0 |   N/A |   N/A | 100.0 |  74.7
       Dungeon | 100.0 | 100.0 |   N/A |   N/A | 100.0 |  74.7
               +-------+-------+-------+-------+-------+----------------------

Table legend: (Time is in decaauts)
 A = Elapsed time spent in this place.
 B = Non-inter-level travel time spent in this place.
 C = Inter-level travel time spent in this place.
 D = Time resting spent in this place.
 E = Time spent auto-exploring this place.
 F = Levels seen in this place.
 G = Mean time per level.
                   A        B        C        D        E       F      G
               +--------+--------+--------+--------+--------+-----+--------+
         Total |   2088 |   2024 |     64 |    419 |   1269 |   3 |  696.0 |
       Dungeon |   2088 |   2024 |     64 |    419 |   1269 |   3 |  696.0 |
               +--------+--------+--------+--------+--------+-----+--------+

Top non-repeatable levels by time:
     D:3: 848 daAuts
     D:1: 680 daAuts
     D:2: 559 daAuts
